 Seeded DCSS version 0.29-a0-375-g5102b3be25 (webtiles) character file.

Game seed: 12277325093202877910 (custom seed)

464 zeratav the Basher (level 6, 0/56 HPs)
             Began as a Minotaur Fighter on May 3, 2022.
             Was an Initiate of Gozag.
             Succumbed to a gnoll's poison
             ... on level 4 of the Dungeon.
             The game lasted 00:03:07 (3381 turns).

zeratav the Basher (Minotaur Fighter)               Turns: 3381, Time: 00:03:07

Health: 0/56       AC: 10    Str: 22    XL:     6   Next: 80%
Magic:  5/5        EV:  9    Int:  5    God:    Gozag
Gold:   475        SH:  4    Dex: 10    Spells: 5/5 levels left

rFire   . . .      SeeInvis .   a - +0 flail {mace}
rCold   . . .      Faith    .   c - +0 buckler
rNeg    . . .      Spirit   .   b - +0 scale mail
rPois   .          Reflect  .   (helmet restricted)
rElec   .          Harm     .   (no cloak)
rCorr   .          Rampage  .   (no gloves)
Will    .....                   (no boots)
Stlth   ..........              (no amulet)
HPRegen 0.18/turn               l - +4 ring of protection
MPRegen 0.09/turn               (no ring)

@: lethally poisoned (0 -> -2), gold aura, attractive
A: horns 2, retaliatory headbutt
a: Renounce Religion, Potion Petition, Call Merchant, Bribe Branch


You were on level 4 of the Dungeon.
You worshipped Gozag.
Gozag was aware of your devotion.
You visited 1 branch of the dungeon, and saw 4 of its levels.

You collected 475 gold pieces.


Innate Abilities, Weirdness & Mutations

You have a pair of horns on your head.
You reflexively headbutt those who attack you in melee.


   Skills:
 + Level 5.3 Fighting
 - Level 8.0 Maces & Flails
 - Level 3.6 Armour
 - Level 3.6 Shields


You had 5 spell levels left.
You didn't know any spells.
Your spell library contained the following spells:

 Spells                   Type           Power      Damage    Failure   Level
 Pain                     Necr           0%         1d4       88%         1
 Agony                    Necr           0%         N/A       100%        5
 Excruciating Wounds      Necr           0%         N/A       100%        5

Inventory:

Hand Weapons
 a - a +0 flail (weapon) {mace}
Armour
 b - a +0 scale mail (worn)
 c - a +0 buckler (worn)
 e - a +0 leather armour
   (You found it on level 1 of the Dungeon)
 k - a +0 ring mail
   (You found it on level 1 of the Dungeon)
Jewellery
 l - a +4 ring of protection (left hand)
   (You took it off a hobgoblin on level 1 of the Dungeon)
 v - a ring of poison resistance
   (You found it on level 3 of the Dungeon)
Wands
 o - a wand of iceblast (8)
   (You found it on level 2 of the Dungeon)
Scrolls
 g - 8 scrolls of identify {unknown}
 h - a scroll of teleportation {unknown}
 i - 2 scrolls of poison {unknown}
 m - a scroll of brand weapon {unknown}
 n - a scroll of noise {unknown}
 q - a scroll of acquirement {unknown}
 r - a scroll of amnesia {unknown}
 s - a scroll of fog {unknown}
 x - 2 scrolls of fear {unknown}
 y - a scroll of vulnerability {unknown}
Potions
 d - 2 potions of might
 f - a potion of attraction {!q}
 j - 2 potions of flight {unknown}
 p - 2 potions of heal wounds {unknown}
 t - a potion of resistance {unknown}
 u - a potion of mutation {unknown}
 w - a potion of curing {unknown}

Dungeon Overview and Level Annotations

Branches:
Dungeon (4/15)             Temple (0/1) D:4

Altars:
Gozag

# # .# ##.######.##
.......$$..# ### #.
#?..# ##.####### #.
#..@# # ##.........
#.##..g#..#
#......####
#.........# ##.....#
#
#..$...##.####.###.#
## #
##.##.###......# #.#
#. #.##.##.#
######.###.# #.
#.......# ##.>..###.
####.####
##...#..... #.####
##.....####.


You could see a gnoll (unaware).


Message History

A gnoll shaman comes into view. It is wielding a +0 whip.
You completely miss the goblin.
The gnoll shaman shouts!
You headbutt the goblin.
You kill the goblin!
HP[+2]
You now have 55 max hp (+2).
Your hp is fully restored (55).
A gnoll comes into view. It is wielding a +0 club.
Things that are here:
6 gold pieces; a +0 club {mace} The gnoll shouts!
You hear a shout!
A gnoll comes into view. It is wielding a +0 whip.
A gnoll comes into view. It is wielding a +2 flail of venom.
The gnoll shouts!
You sock the gnoll shaman!
The gnoll shaman hits you with a +0 whip.
The gnoll hits you but does no damage.
You are poisoned.
The gnoll hits you from afar with a +0 spear.
HP[-10]
You take 10 damage, and now have 45/55 hp.
You sock the gnoll shaman!
You kill the gnoll shaman!
You feel very sick. The gnoll barely misses you.
The gnoll hits you but does no damage.
You are more poisoned.
Your Fighting skill increases to level 5!
HP[-2]
You now have 56 max hp (+1).
You take 2 damage, and now have 43/56 hp.
You hit the gnoll.
You feel very sick. The gnoll hits you but does no damage.
HP[-3]
You take 3 damage, and now have 40/56 hp.
You thump the gnoll!
You feel very sick.
The gnoll hits you from afar with a +0 spear!
The gnoll hits you with a +2 flail of venom.
* * * LOW HITPOINT WARNING * * *
You are more poisoned.
The gnoll hits you with a +0 whip.
* * * LOW HITPOINT WARNING * * *
HP[-14]
You take 14 damage, and now have 26/56 hp.
MASSIVE DAMAGE!! (PAUSE)
You hit the gnoll but do no damage.
You feel very sick.
The gnoll is distracted by your dazzling golden aura.
You block the gnoll's attack. The gnoll hits you with a +0 whip.
* * * LOW HITPOINT WARNING * * *
HP[-5]
You take 5 damage, and now have 21/56 hp.
You sock the gnoll!
You kill the gnoll!
You feel very sick.
HP[-3]
You take 3 damage, and now have 18/56 hp.
You sock the gnoll!
You kill the gnoll!
You feel very sick.
The gnoll is no longer distracted by gold.
The gnoll hits you but does no damage. The gnoll closely misses you.
HP[-3]
You take 3 damage, and now have 15/56 hp.
You hit the gnoll but do no damage.
You headbutt the gnoll, but do no damage.
You feel sick. The gnoll hits you with a +0 club.
* * * LOW HITPOINT WARNING * * *
You block the gnoll's attack.
HP[-6]
You take 6 damage, and now have 9/56 hp.
You sock the gnoll!
* * * LOW HITPOINT WARNING * * *
You feel sick. The gnoll barely misses you.
The gnoll hits you but does no damage.
HP[-2]
You take 2 damage, and now have 7/56 hp.
You hit the gnoll. Your headbutt misses the gnoll.
You feel sick. The gnoll closely misses you. You furiously retaliate!
You headbutt the gnoll.
You kill the gnoll!
The gnoll hits you but does no damage. You block the gnoll's attack.
You feel sick. The gnoll hits you but does no damage.
HP[-1]
You take 1 damage, and now have 6/56 hp.
You barely miss the gnoll. You headbutt the gnoll!
You feel sick. The gnoll hits you with a +0 spear.
* * * LOW HITPOINT WARNING * * *
HP[-4]
You take 4 damage, and now have 2/56 hp.
You hit the gnoll but do no damage.
* * * LOW HITPOINT WARNING * * *
You feel sick.
The gnoll is distracted by your dazzling golden aura.
HP[-1]
You take 1 damage, and now have 1/56 hp.
It was a potion of attraction.
You feel attractive to monsters.
You die...
Your body crumbles into a pile of gold.

Skill      XL: |  1  2  3  4  5  6 |
---------------+-------------------+-----
Maces & Flails | 3 4 5 6 7 8 |  8.0
Fighting       | 5 |  5.3
Armour         | |  3.6
Shields        | |  3.6

Action                   |  1- 3 |  4- 6 || total
-------------------------+-------+-------++-------
Melee: Flail             |    80 |    79 ||   159
       Headbutt          |     7 |     9 ||    16
  Use: Potion            |       |     1 ||     1
Armor: Scale mail        |    34 |    31 ||    65
Dodge: Dodged            |    38 |    40 ||    78
Block: Buckler           |    15 |    17 ||    32

Levels and vault maps discovered:
D:1:      tarquinn_simple_flora_water_e, layout_basic, basic_ecumenical_altar,
          nicolae_concentric_dashed_squares_wild
D:2:      layout_basic
D:3:      layout_loops_ring
D:4:      layout_loops_corners, minmay_temple_entry_sparse_star

Notes
Turn   | Place    | Note
-------+----------+-------------------------------------------
     0 | D:1      | zeratav the Minotaur Fighter began the quest for the Orb.
     0 | D:1      | Reached XP level 1. HP: 19/19 MP: 0/0
     0 | D:1      | magus.rc [v1.9.6]
   183 | D:1      | Reached skill level 3 in Maces & Flails
   187 | D:1      | Reached XP level 2. HP: 16/26 MP: 1/1
   385 | D:1      | Reached skill level 4 in Maces & Flails
   609 | D:1      | Reached XP level 3. HP: 31/31 MP: 2/2
   669 | D:1      | Found a faded altar of an unknown god.
  1072 | D:1      | Prayed at the altar of an unknown god.
  1072 | D:1      | Became a worshipper of Gozag Ym Sagoz the Greedy
  1672 | D:3      | Reached skill level 5 in Maces & Flails
  1845 | D:3      | Reached XP level 4. HP: 39/39 MP: 3/3
  1899 | D:3      | Noticed a bullfrog
  1907 | D:3      | Killed a bullfrog
  1908 | D:3      | Reached skill level 6 in Maces & Flails
  2138 | D:3      | Reached XP level 5. HP: 45/45 MP: 4/4
  2688 | D:4      | Found a staircase to the Ecumenical Temple.
  2760 | D:4      | Reached skill level 7 in Maces & Flails
  2838 | D:4      | You pick up a book of Pain and begin reading...
  2838 | D:4      | You add the spells Pain, Agony and Excruciating Wounds to
                  | your library.
  2901 | D:4      | Noticed a phantom
  2908 | D:4      | Killed a phantom
  2909 | D:4      | Reached XP level 6. HP: 51/51 MP: 5/5
  2990 | D:4      | Reached skill level 8 in Maces & Flails
  2990 | D:4      | Reached skill level 4 in Fighting
  3370 | D:4      | Reached skill level 5 in Fighting
  3375 | D:4      | HP: 13/56 [poisoned by a gnoll]
  3378 | D:4      | HP: 6/56 [poisoned by a gnoll]
  3379 | D:4      | HP: 2/56 [gnoll/+0 spear[a gnoll shaman] (3)]
  3381 | D:4      | Succumbed to a gnoll's poison

Vanquished Creatures
  A black bear (D:4)
  A phantom (D:4)
  A scorpion (D:4)
  A bullfrog (D:3)
  A gnoll shaman (D:4)
  An iguana (D:4)
  4 gnolls
  2 adders (D:3)
  3 dart slugs
  An orc (D:4)
  9 endoplasms
  4 giant cockroaches
  5 goblins
  3 hobgoblins
  6 jackals
  2 ball pythons
  6 bats
  4 frilled lizards
  8 kobolds
  5 rats
68 creatures vanquished.

Table legend:
 A = Non-vault XP
 B = Vault XP
 C = Vault XP percentage of total XP
 D = Non-vault monster count
 E = Vault monster count
 F = Vault count percentage of total count
                 A         B        C        D         E       F
            +---------+---------+-------+---------+---------+-------
      Total |     663 |       0 |   0.0 |      68 |       0 |   0.0
            +---------+---------+-------+---------+---------+-------
        D:1 |      54 |       0 |   0.0 |      25 |       0 |   0.0
        D:2 |      16 |       0 |   0.0 |       7 |       0 |   0.0
        D:3 |     131 |       0 |   0.0 |      16 |       0 |   0.0
        D:4 |     462 |       0 |   0.0 |      20 |       0 |   0.0
            +---------+---------+-------+---------+---------+-------

Illustrated notes

Table legend:
 A = Kills in this place as a percentage of kills in entire the game.
 B = Kills by you in this place as a percentage of kills by you in the entire game.
 C = Kills by friends in this place as a percentage of kills by friends in the entire game.
 D = Other kills in this place as a percentage of other kills in the entire game.
 E = Experience gained in this place as a percentage of experience gained in the entire game.
 F = Experience gained in this place divided by the number of levels of this place that you have seen.
                   A       B       C       D       E      F
               +-------+-------+-------+-------+-------+----------------------
         Total | 100.0 | 100.0 |   N/A |   N/A | 100.0 | 165.8
       Dungeon | 100.0 | 100.0 |   N/A |   N/A | 100.0 | 165.8
               +-------+-------+-------+-------+-------+----------------------

Table legend: (Time is in decaauts)
 A = Elapsed time spent in this place.
 B = Non-inter-level travel time spent in this place.
 C = Inter-level travel time spent in this place.
 D = Time resting spent in this place.
 E = Time spent auto-exploring this place.
 F = Levels seen in this place.
 G = Mean time per level.
                   A        B        C        D        E       F      G
               +--------+--------+--------+--------+--------+-----+--------+
         Total |   3405 |   3303 |    102 |    114 |   2766 |   4 |  851.2 |
       Dungeon |   3405 |   3303 |    102 |    114 |   2766 |   4 |  851.2 |
               +--------+--------+--------+--------+--------+-----+--------+

Top non-repeatable levels by time:
     D:1: 1096 daAuts
     D:4: 974 daAuts
     D:3: 751 daAuts
     D:2: 582 daAuts
